 Dungeon Crawl Stone Soup version 0.19.1-1-g22dce08 (webtiles) character file.

399 McKennaii the Magician (level 6, -4/38 HPs)
             Began as a High Elf Wizard on Jan 5, 2017.
             Killed from afar by Dowan (12 damage)
             ... with a shard of ice
             ... on level 4 of the Dungeon.
             The game lasted 00:31:53 (4025 turns).

McKennaii the Magician (High Elf Wizard)            Turns: 4025, Time: 00:31:54

Health: -4/38      AC:  6    Str:  6    XL:     6   Next: 54%
Magic:  14/16      EV: 13    Int: 24    God:
Gold:   147        SH:  0    Dex: 14    Spells: 5 memorised, 7 levels left

rFire  . . .     SeeInvis .     x - +3 quarterstaff (chaos)
rCold  . . .     Gourm    +     a - +0 robe
rNeg   . . .     Faith    .     (shield currently unavailable)
rPois  .         Spirit   .     o - +2 helmet
rElec  .         Reflect  .     y - +0 cloak
rCorr  .         Harm     .     (no gloves)
MR     .....                    (no boots)
Stlth  ++........               f - amulet of the gourmand
                                (no ring)
                                (no ring)

@: no status effects
A: no striking features
a: no special abilities


You were on level 4 of the Dungeon.
You were hungry.

You visited 1 branch of the dungeon, and saw 4 of its levels.

You collected 147 gold pieces.

Inventory:

Hand Weapons
 x - a +3 quarterstaff of chaos (weapon)
Armour
 a - a +0 robe (worn)
 o - a +2 helmet (worn)
 q - a +1 hat
 y - a +0 cloak (worn)
Jewellery
 e - a cursed amulet of inaccuracy {unknown}
 f - an amulet of the gourmand (around neck)
 l - an uncursed amulet of faith
Wands
 m - a wand of flame (13/48)
 A - a wand of iceblast (5/15)
Scrolls
 j - a scroll of remove curse
 p - a scroll of enchant armour {unknown}
 t - a scroll of identify
 u - a scroll of magic mapping
 z - a scroll of random uselessness {unknown}
Potions
 b - a potion of lignification {unknown}
 h - a potion of haste {unknown}
 i - 2 potions of curing
 k - a potion of might {unknown}
 n - a potion of degeneration {unknown}
 r - a potion of flight {unknown}
 s - a potion of beneficial mutation {unknown}
 w - a potion of magic {unknown}
Books
 c - a book of Minor Magic

   Spells                             Type                      Level
   a - Magic Dart                     Conjuration                  1
   b - Blink                          Translocation                2
   c - Call Imp                       Summoning                    2
   d - Repel Missiles                 Charms/Air                   2
   e - Slow                           Hexes                        2
   f - Conjure Flame                  Conjuration/Fire             3
   g - Mephitic Cloud                 Conjuration/Poison/Air       3
Comestibles
 d - a bread ration
 g - a meat ration
 v - 2 beef jerkies


   Skills:
 + Level 1.0 Fighting
 + Level 1.0 Staves
 + Level 2.8 Dodging
 + Level 3.3 Stealth
 + Level 0.8 Unarmed Combat
 + Level 6.2 Spellcasting
 + Level 2.8 Conjurations
 + Level 2.1 Summonings
 + Level 1.1 Translocations


You had 7 spell levels left.
You knew the following spells:

 Your Spells              Type           Power        Failure   Level  Hunger
a - Magic Dart            Conj           ###.         2%          1    None
b - Call Imp              Summ           ###.....     6%          2    None
c - Blink                 Tloc           N/A          10%         2    None
d - Slow                  Hex            #.......     12%         2    None
e - Conjure Flame         Conj/Fire      ##......     17%         3    #......


Dungeon Overview and Level Annotations

Branches:
Dungeon (4/15)
 Temple: D:4-7

Altars:

Annotations:
D:4 Dowan, Edmund


Message History

Your white imp gestures at Dowan.
The puff of frost hits Dowan.
As you read the scroll labeled PAXTUKOWK LUDE, it crumbles to dust.
You feel aware of your surroundings.
You sensed 2 altars.
It was a scroll of magic mapping.
Dowan is no longer moving quickly.
Your white imp hits Dowan.
Your white imp freezes Dowan.
Dowan hits your white imp with a dagger.
Your white imp closely misses Dowan.
Dowan gestures at your white imp while chanting.
The shard of ice hits your white imp.
Your white imp partially resists.
Your white imp dies!
There is a stone staircase leading up here.
Okay, then.
Casting: Call Imp
Confirm with . or Enter, or press ? or * to list all spells.
You don't know that spell.
Dowan casts a spell at you. The shard of ice hits you!
You die...

.......#*,,_,,*#...# #.#.#
..#....#*******#...# #.#.#
.......#########...####.#.#
.........##.............#.#
.>.......##.....e.......#.#
...###...##.............#.#
...# #...##.............#.#
...# #...##.............#.#
...#
#...##.....@รท.....##.#
...# #...##......[.....##.#
#### #...##............##.#
#...##............##e#
#...##............##.#
#...##............##.#
######............##.#
####.#........e.#
#.############


You could see Dowan.

Vanquished Creatures
  A hound (D:4)
  Ijyb (D:2)
  A worker ant (D:4)
  7 adders
  2 oozes
  A worm (D:3)
  A dart slug (D:1)
  3 leopard geckos
  A giant cockroach (D:2)
  13 goblins
  7 hobgoblins
  2 jackals (D:4)
  A quokka (D:3)
  A ball python (D:3)
  5 bats (D:2)
  6 frilled lizards
  8 kobolds
  12 rats
73 creatures vanquished.

Vanquished Creatures (collateral kills)
  Menkaure (D:4)
  Duvessa (D:4)
  Crazy Yiuf (D:3)
  A worker ant (D:4)
  Robin (D:2)
  5 worms (D:3)
  2 orcs (D:4)
  3 goblins (D:2)
  A jackal (D:4)
  A ball python (D:4)
17 creatures vanquished.

Grand Total: 90 creatures vanquished

Notes
Turn   | Place    | Note
-------+----------+-------------------------------------------
     0 | D:1      | McKennaii the High Elf Wizard began the quest for the Orb.
     0 | D:1      | Reached XP level 1. HP: 11/11 MP: 6/6
    79 | D:1      | Reached skill level 4 in Spellcasting
   135 | D:1      | Reached XP level 2. HP: 4/17 MP: 0/8
   881 | D:2      | Reached XP level 3. HP: 19/21 MP: 1/9
  1010 | D:2      | Learned a level 2 spell: Call Imp
  1013 | D:2      | Learned a level 2 spell: Blink
  1016 | D:2      | Learned a level 2 spell: Slow
  1312 | D:2      | Noticed Robin
  1384 | D:2      | Killed Robin
  1419 | D:2      | Reached XP level 4. HP: 10/27 MP: 2/11
  1432 | D:2      | Learned a level 3 spell: Conjure Flame
  1592 | D:2      | Noticed Ijyb
  1618 | D:2      | Killed Ijyb
  1618 | D:2      | Reached skill level 1 in Summonings
  2492 | D:3      | Reached skill level 5 in Spellcasting
  2809 | D:3      | Reached XP level 5. HP: 32/32 MP: 11/13
  2876 | D:3      | Found a runed door.
  2880 | D:3      | Noticed Crazy Yiuf
  2906 | D:3      | Killed Crazy Yiuf
  3250 | D:4      | Noticed Menkaure
  3266 | D:4      | Killed Menkaure
  3368 | D:4      | Reached XP level 6. HP: 27/37 MP: 11/15
  3593 | D:4      | Noticed Edmund
  3722 | D:4      | Reached skill level 6 in Spellcasting
  3799 | D:4      | Noticed Duvessa
  3800 | D:4      | Noticed Dowan
  3825 | D:4      | Killed Duvessa
  3825 | D:4      | Reached skill level 1 in Fighting
  3825 | D:4      | Reached skill level 1 in Staves
  4025 | D:4      | Killed from afar by Dowan

Skill      XL: |  1  2  3  4  5  6 |
---------------+-------------------+-----
Spellcasting   | 4 5 6 |  6.2
Summonings     | 1 2 |  2.1
Conjurations   | 2 |  2.8
Stealth        | 3 |  3.3
Fighting       | 1 |  1.0
Staves         | 1 |  1.0
Dodging        | |  2.8
Unarmed Combat | |  0.8
Translocations | |  1.1

Action                   |  1- 3 |  4- 6 || total
-------------------------+-------+-------++-------
Melee: Unarmed           |    28 |    11 ||    39
       Quarterstaff      |       |    15 ||    15
 Cast: Magic Dart        |    93 |   114 ||   207
       Call Imp          |     4 |    42 ||    46
       Conjure Flame     |       |     3 ||     3
  Use: Scroll            |     6 |     5 ||    11
       Potion            |       |     1 ||     1
  Eat: Bread ration      |     1 |     1 ||     2
Armor: Robe              |     8 |    27 ||    35
Dodge: Dodged            |    51 |    58 ||   109
